Map: 큐리어스 마인즈 - 래더

Players

Ryung - Winner!

  • Race: Terran Terran
  • League: Master

TIME (Oliveira)

  • Race: Terran Terran
  • League: Grandmaster

Event: DreamHack SC2 Masters Last Chance 2022

VOD

Have the link to the VOD?

Description

Time

  • Played on: Dec. 15, 2021, 5:47 a.m.
  • Length: 6:23

All games in this series

Show
View Real Time Build Order
Export as new Build Order

Ryung Terran - Winner!

Build Orders:  

Get SALT Encoding   

  12  0:00  SCV  
  13  0:12  SCV  
  14  0:17  Supply Depot  
  14  0:24  SCV  
  15  0:38  SCV  
  15  0:39  Barracks  
  16  0:45  Refinery  
  16  0:50  SCV  
  16  0:52  Refinery  
  17  1:02  SCV  
  18  1:14  SCV  
  19  1:25  Reaper  
  20  1:26  Orbital Command  
  20  1:28  Supply Depot  
  20  1:42  Factory  
  20  1:52  SCV  
  21  1:57  Barracks Reactor  
  21  2:04  SCV  
  22  2:15  Command Center  
  22  2:17  SCV  
  23  2:26  Hellion  
  23  2:29  SCV  
  26  2:31  Supply Depot  
  26  2:34  Reaper  
  26  2:35  Reaper  
  28  2:41  SCV  
  29  2:47  Hellion  
  31  2:53  Starport  
  31  2:57  SCV  
  32  3:06  Reaper  
  32  3:07  Reaper  
  32  3:09  SCV  
  32  3:11  Hellion  
  37  3:20  Refinery  
  37  3:21  SCV  
  38  3:27  Orbital Command  
  38  3:29  Starport Tech Lab  
  38  3:33  Factory Tech Lab  
  38  3:34  SCV  
  39  3:38  Marine  
  39  3:39  Marine  
  41  3:46  SCV  
  42  3:52  Cyclone  
  42  3:54  SCV  
  46  3:56  Marine  
  46  3:57  Marine  
  46  3:58  SCV  
  47  4:05  Raven  
  49  4:15  SCV x2  
  49  4:21  Marine x2  
  51  4:26  Siege Tank  
  54  4:34  Supply Depot x2  
  54  4:55  SCV x2, Raven, Command Center  
  58  5:06  Siege Tank  
  61  5:07  SCV x2  
  61  5:11  Supply Depot  
  63  5:14  Marine x2  
  63  5:19  SCV x2  
  65  5:32  SCV x2  
  65  5:34  Refinery  
  67  5:41  Siege Tank  
  70  5:44  SCV x2  
  72  5:50  Supply Depot  
  72  5:52  Viking, Barracks  
  72  5:53  Barracks  
  76  5:59  SCV x2  
Show
View Real Time Build Order
Export as new Build Order

TIME Terran 

Build Orders:  

Get SALT Encoding   

  12  0:00  SCV  
  13  0:12  SCV  
  14  0:17  Supply Depot  
  14  0:25  SCV  
  15  0:38  SCV  
  15  0:40  Barracks  
  16  0:44  Refinery  
  16  0:51  SCV  
  16  0:54  Refinery  
  17  1:03  SCV  
  18  1:15  SCV  
  19  1:28  Reaper, Orbital Command  
  19  1:29  Supply Depot  
  20  1:42  Factory  
  20  1:54  SCV  
  20  2:00  Reaper  
  22  2:06  SCV  
  23  2:18  Command Center  
  23  2:21  SCV  
  24  2:26  Hellion  
  26  2:32  Barracks Reactor  
  26  2:34  SCV  
  27  2:42  Starport  
  27  2:46  SCV  
  27  2:50  Supply Depot  
  28  2:52  Widow Mine  
  28  2:58  SCV  
  31  3:12  SCV, Marine x2  
  34  3:15  Factory Tech Lab  
  34  3:19  Medivac  
  36  3:24  SCV  
  37  3:29  Marine x2  
  37  3:30  Orbital Command  
  39  3:36  Cyclone  
  39  3:38  SCV  
  43  3:42  Refinery  
  43  3:47  Marine x2  
  45  3:51  Starport Tech Lab  
  45  3:54  SCV  
  45  3:55  SCV  
  47  3:57  Supply Depot  
  45  4:05  Marine x2  
  45  4:09  Siege Tank  
  45  4:18  SCV  
  45  4:22  SCV  
  45  4:23  Marine x2  
  48  4:30  SCV  
  49  4:32  Raven  
  49  4:34  SCV  
  51  4:41  Marine  
  51  4:43  SCV  
  51  4:45  Marine  
  54  4:47  Siege Tank  
  54  4:48  SCV  
  54  4:52  Supply Depot  
  58  4:57  SCV, Refinery  
  58  4:58  Marine  
  60  5:00  SCV  
  61  5:09  SCV  
  61  5:13  SCV  
  63  5:16  Marine  
  63  5:20  Raven  
  66  5:25  Marine  
  61  5:30  SCV x2, Siege Tank  
  61  5:32  Command Center  
  66  5:36  Supply Depot, Marine  
  66  5:42  SCV x2  
  69  5:46  Supply Depot  
  69  5:55  SCV  
  70  5:57  SCV  
  70  5:59  Barracks  
  70  6:00  Barracks  

Tags
 
Add a new tag
Caveats
  • Supply blocks, unpowered buildings, or Contaminate may cause inaccurate times.
  • Supply counts are checked every 10 seconds.